 Dungeon Crawl Stone Soup version 0.17-a0-555-g23c20b2 (webtiles) character file.

18 DeadSlay the Chiller (level 2, -2/20 HPs)
             Began as a Ghoul Ice Elementalist on Apr 14, 2015.
             Slain by a kobold
             ... wielding a +0 short sword
              (6 damage)
             ... on level 1 of the Dungeon.
             The game lasted 00:03:12 (1441 turns).

DeadSlay the Chiller (Ghoul Ice Elementalist)       Turns: 1441, Time: 00:03:13

Health: -2/20      AC:  2    Str: 11    XL:     2   Next: 66%
Magic:  3/4        EV: 12    Int: 10    God:
Gold:   33         SH:  0    Dex:  9    Spells: 1 memorised, 4 levels left

rFire  . . .     SeeInvis .     (no weapon)
rCold  + . .     Clarity  .     a - +0 robe
rNeg   + + +     SustAb   .     (no shield)
rPois  ∞         Gourm    .     (no helmet)
rElec  .         Spirit   .     (no cloak)
rCorr  .         Warding  .     (no gloves)
rMut   .         Stasis   .     (no boots)
MR     .....                    (no amulet)
Stlth  ++........               (no ring)
                                (no ring)

@: very slightly contaminated, rotting, not resistant to hostile enchantments,
unstealthy
A: rotting body, claws 1, carnivore 3, cold resistance 1, negative energy
resistance 3, slow healing 1, torment resistance, unbreathing
a: no special abilities


You were on level 1 of the Dungeon.
You were not hungry.

You visited 1 branch of the dungeon, and saw 1 of its levels.

You collected 33 gold pieces.

Inventory:

Armour
 a - a +0 robe (worn)
Scrolls
 d - a scroll of remove curse {unknown}
 f - a scroll of teleportation {unknown}
 h - a scroll of identify {unknown}
Potions
 e - a potion of magic {unknown}
Books
 b - a book of Frost

   Spells                             Type                      Level
   a - Freeze                         Ice                          1
   b - Throw Frost                    Conjuration/Ice              2
   c - Ozocubu's Armour               Charms/Ice                   3
   d - Throw Icicle                   Conjuration/Ice              4
   e - Summon Ice Beast               Ice/Summoning                4
   f - Condensation Shield            Ice                          4
Comestibles
 c - 2 meat rations
 g - 2 chunks of flesh


   Skills:
 + Level 0.3 Armour
 - Level 1.7 Dodging
 - Level 2.1 Stealth
 + Level 0.7 Unarmed Combat
 + Level 2.0 Spellcasting
   Level 0.7 Conjurations
 * Level 3.7 Ice Magic


You had 4 spell levels left.
You knew the following spells:

 Your Spells              Type           Power        Failure   Level  Hunger
a - Freeze                Ice            #...         10%         1    ##.....


Dungeon Overview and Level Annotations

Branches:
Dungeon (1/15)

Altars:


Innate Abilities, Weirdness & Mutations

Your body is rotting away.
You thrive on raw meat.
You are immune to poison.
You have sharp fingernails.
You are carnivorous and can eat meat at any time.
Your flesh is cold resistant.
You are immune to negative energy.
You heal slowly when monsters are visible.
You are immune to unholy pain and torment.
You can survive without breathing.


Message History

The bat closely misses you. The bat hits you.
You scratch the bat.
You kill the bat!
You closely miss the kobold. The kobold hits you with a short sword.
You scratch the kobold.
The kobold begins to bleed from its wounds!
The kobold is severely wounded.
The kobold hits you with a short sword!
* * * LOW HITPOINT WARNING * * *
You are too injured to fight recklessly!
You are too injured to fight recklessly!
Casting: Freeze
Confirm with . or Enter, or press ? or * to list all spells.
Aiming: Freeze
Press: ? - help, Shift-Dir - straight line, f - kobold
Aim: a kobold, wielding a short sword (severely wounded, bleeding)
You miscast Freeze.
You are very lightly contaminated with residual magic.
Your claws feel numb with cold.
The kobold hits you with a short sword.
You die...

# ... # ....... # .....
## ..... .#### ...
....##### ... ###.#...##
#.# ..#......### #K#
...........#####@#
.........#....#..#
..##......###.#.##
..##............#
..###....###....# ..#
####........#######
..#######)...(((......#
..........##....####.....
.###.......#....# .


You could see a kobold (bleeding).

Vanquished Creatures
  A giant gecko (D:1)
  A giant cockroach (D:1)
  3 goblins (D:1)
  2 hobgoblins (D:1)
  3 jackals (D:1)
  A bat (D:1)
  2 giant newts (D:1)
  2 kobolds (D:1)
  2 rats (D:1)
17 creatures vanquished.

Notes
Turn   | Place    | Note
--------------------------------------------------------------
     0 | D:1      | DeadSlay, the Ghoul Ice Elementalist, began the quest for the Orb.
     0 | D:1      | Reached XP level 1. HP: 14/14 MP: 2/2
   503 | D:1      | Reached XP level 2. HP: 15/20 MP: 1/3
  1441 | D:1      | Slain by a kobold

Action                   || total
-------------------------++-------
Melee: Unarmed           ||    55
       Spear             ||    11
 Cast: Freeze            ||    18
 Stab: Sleeping          ||     2
  Eat: Chunk             ||     2
